 Dungeon Crawl Stone Soup version 0.32-a0-18-g89e19f1974 (webtiles) character file.

Game seed: 14310664028310236681

28 p00ps00p the Trooper (level 3, -2/33 HPs)
             Began as a Hill Orc Fighter on Jan 16, 2024.
             Killed from afar by Natasha (11 damage)
             ... with a magic dart
             ... on level 2 of the Dungeon.
             The game lasted 00:01:13 (757 turns).

p00ps00p the Trooper (Hill Orc Fighter)              Turns: 757, Time: 00:01:14

Health: -2/33      AC: 10    Str: 20    XL:     3   Next: 12%
Magic:  3/3        EV:  7    Int:  8    God:
Gold:   45         SH:  4    Dex: 10    Spells: 2/2 levels left

rFire   . . .        a - +0 war axe
rCold   . . .        c - +0 buckler
rNeg    . . .        e - +0 chain mail
rPois   .            (no helmet)
rElec   .            (no cloak)
rCorr   .            (no gloves)
SInv    .            i - +0 pair of boots
Will    .....        g - amulet of regeneration Stlth
                     (no ring)
HPRegen 1.05/turn    (no ring)
MPRegen 0.08/turn

%: no passive effects
@: slowed, very slow
A: no striking features
a: no special abilities


You were on level 2 of the Dungeon.
You visited 1 branch of the dungeon, and saw 2 of its levels.

You collected 45 gold pieces.

Inventory:

Hand Weapons
 a - a +0 war axe (weapon)
Armour
 b - a +0 scale mail
 c - a +0 buckler (worn)
 e - a +0 chain mail (worn)
 i - a +0 pair of boots (worn)
Jewellery
 g - an amulet of regeneration (around neck)
Potions
 d - a potion of might
 h - 2 potions of lignification


   Skills:
 + Level 4.0 Fighting
 + Level 3.3 Axes
 + Level 3.6 Armour
 + Level 3.6 Shields


You had 2 spell levels left.
You didn't know any spells.
Your spell library contained the following spells:

 Spells                   Type           Power      Damage    Failure   Level
 Cigotuvi's Dreadful Rot  Necr/Alch/Air  0%         N/A       99%         2
 Dispel Undead            Necr           0%         3d6       100%        4
 Martyr's Knell           Necr/Summ      0%         N/A       100%        4
 Death Channel            Necr           0%         N/A       100%        6


Dungeon Overview and Level Annotations

Branches:
Dungeon (2/15)

Altars:

Annotations:
D:2 Natasha


Message History

You feel yourself slow down.
You barely miss the cerulean imp.
The cerulean imp is heavily wounded.
You barely miss Natasha. You block the cerulean imp's attack.
Natasha barely misses you.
The cerulean imp hits you but does no damage.
Natasha claws you.
Unknown command.
You barely miss the cerulean imp.
The cerulean imp is heavily wounded.
You closely miss Natasha. You block the cerulean imp's attack.
Natasha casts a spell.
You block the cerulean imp's attack. Natasha claws you.
Unknown command.
You closely miss the cerulean imp.
The cerulean imp is heavily wounded.
You miss Natasha.
The cerulean imp hits you but does no damage.
Natasha claws you.
The cerulean imp hits you but does no damage.
The cerulean imp hits you with a +2 spear.
Natasha closely misses you.
You closely miss the cerulean imp.
The cerulean imp is heavily wounded.
You barely miss Natasha.
The cerulean imp disappears in a puff of smoke!
The cerulean imp hits you from afar with a +1 spear.
Natasha claws you but does no damage. You block the cerulean imp's attack.
Natasha claws you but does no damage.
You barely miss Natasha.
Natasha is heavily wounded.
The cerulean imp barely misses you.
Natasha stares at you and mumbles some strange words.
The magic dart hits you.
The cerulean imp hits you from afar with a +1 spear.
* * * LOW HITPOINT WARNING * * *
Natasha stares at you and mumbles some strange words.
The magic dart hits you!
You die...
Natasha begins licking her fur clean.

### #<#
#.# #.#
#@#
#h.5$....
#........
.........
^.......<
##.......!
+......?.
#...##+##


You could see Natasha and a cerulean imp (summoned).

Vanquished Creatures
  A gnoll (D:1)
  A dart slug (D:1)
  2 endoplasms
  A giant cockroach (D:1)
  A goblin (D:1)
  A hobgoblin (D:1)
  A quokka (D:1)
  2 ball pythons (D:1)
  A frilled lizard (D:1)
  2 kobolds (D:1)
  2 rats (D:1)
15 creatures vanquished.

Notes
Turn   | Place    | Note
-------+----------+-------------------------------------------
     0 | D:1      | p00ps00p the Hill Orc Fighter began the quest for the Orb.
     0 | D:1      | Reached XP level 1. HP: 19/19 MP: 1/1
   207 | D:1      | Reached XP level 2. HP: 23/27 MP: 2/2
   255 | D:1      | Reached skill level 4 in Fighting
   408 | D:1      | Reached XP level 3. HP: 31/33 MP: 3/3
   742 | D:2      | Noticed Natasha
   757 | D:2      | Killed from afar by Natasha

Illustrated notes

Levels and vault maps discovered:
D:1:      lemuel_arrival_cross, layout_basic
D:2:      layout_basic, basic_altar, dk_noncrumbling_3,
          nicolae_concentric_dashed_squares_mild, minmay_pentomino_o4,
          uniq_natasha

Skill      XL: |  1  2 |
---------------+-------+-----
Axes           | 3 |  3.3
Fighting       | 4 |  4.0
Armour         | |  3.6
Shields        | |  3.6

Action                     || total
---------------------------++-------
  Melee: War axe           ||    46
    Use: Scroll            ||     2
 Armour: Scale mail        ||    26
         Chain mail        ||    24
  Dodge: Dodged            ||    21
  Block: Buckler           ||    14

Table legend: (Time is in decaauts)
 A = Elapsed time spent in this place.
 B = Non-inter-level travel time spent in this place.
 C = Inter-level travel time spent in this place.
 D = Time resting spent in this place.
 E = Time spent auto-exploring this place.
 F = Levels seen in this place.
 G = Mean time per level.
                   A        B        C        D        E       F      G
               +--------+--------+--------+--------+--------+-----+--------+
         Total |    776 |    749 |     27 |      0 |    605 |   2 |  388.0 |
       Dungeon |    776 |    749 |     27 |      0 |    605 |   2 |  388.0 |
               +--------+--------+--------+--------+--------+-----+--------+

Top non-repeatable levels by time:
     D:1: 755 daAuts
     D:2: 21 daAuts
